[Event "Titled Tuesday Blitz August 02 Late 2022"]
[White "Paravyan, David"]
[Black "Chigaev, Maksim"]
[WhiteFideId "4194985"]
[BlackFideId "4108116"]
[WhiteElo "2569"]
[BlackElo "2438"]
[Result "0-1"]
[Round "08"]
[TimeControl "180+1"]
[Date "2022.08.02"]
[WhiteClock "0:00:01"]
[BlackClock "0:00:05"]

1. e4 e6 2. d4 d5 3. Nc3 Bb4 4. e5 Ne7 5. a3 Bxc3+ 6. bxc3 b6 7. Qg4 Ng6 8. h4 h5 9. Qg3 Ba6 10. Bxa6 Nxa6 11. Bg5 Qd7 12. f4 Qa4 13. Qd3 c5 14. f5 exf5 15. Nf3 cxd4 16. Nxd4 Nc5 17. Qxf5 Qc4 18. O-O-O Qxc3 19. Kb1 Qxa3 20. e6 O-O 21. Bc1 Qb4+ 22. Bb2 Na4 23. Nb3 Nxb2 24. Kxb2 Qg4 25. Qxg4 hxg4 26. Rxd5 fxe6 27. Rg5 Kh7 28. Re1 Rf6 29. g3 Rc8 30. Rxg4 Rf2 31. Rxe6 Rcxc2+ 32. Ka3 Rf6 33. Rxf6 gxf6 34. Rd4 Ne5 35. Ka4 Ra2+ 36. Kb5 Rb2 37. Ka4 b5+ 0-1


[Site "https://www.chess.com"]

[Event "Titled Tuesday Blitz August 02 Late 2022"]
[White "Rasulov, Vugar"]
[Black "Wu, Rochelle"]
[WhiteFideId "13402390"]
[BlackFideId "30908132"]
[WhiteElo "2523"]
[BlackElo "2168"]
[Result "1-0"]
[Round "08"]
[TimeControl "180+1"]
[Date "2022.08.02"]
[WhiteClock "0:02:13"]
[BlackClock "0:00:42"]

1. d4 Nf6 2. c4 g6 3. Nc3 d5 4. cxd5 Nxd5 5. e4 Nxc3 6. bxc3 Bg7 7. Be3 c5 8. Rc1 O-O 9. Qd2 Qa5 10. Nf3 Rd8 11. d5 Bg4 12. Ng5 h6 13. h3 Bc8 14. Nf3 Kh7 15. h4 f5 16. Bd3 e6 17. h5 g5 18. Nxg5+ hxg5 19. Bxg5 Rf8 20. h6 Bf6 21. Bxf6 Rxf6 22. Qg5 Rf7 23. dxe6 Bxe6 24. exf5 Bxa2 25. f6+ Kh8 26. Qg7+ Rxg7 27. hxg7+ Kg8 28. Rh8+ Kf7 29. g8=Q+ 1-0


[Site "https://www.chess.com"]

[Event "Titled Tuesday Blitz August 02 Late 2022"]
[White "Riehle, Marco"]
[Black "Nazari, Arad"]
[WhiteFideId "12904392"]
[BlackFideId "12577324"]
[WhiteElo "2462"]
[BlackElo "2129"]
[Result "0-1"]
[Round "08"]
[TimeControl "180+1"]
[Date "2022.08.02"]
[WhiteClock "0:00:17"]
[BlackClock "0:00:10"]

1. e4 e5 2. Nf3 Nc6 3. Bc4 Nf6 4. d4 exd4 5. O-O Nxe4 6. Nc3 Nxc3 7. bxc3 d5 8. Bd3 Be7 9. Re1 O-O 10. cxd4 Bf6 11. c3 Re8 12. h3 h6 13. Bf4 Rxe1+ 14. Qxe1 Be6 15. Qd2 Qd7 16. Bxh6 gxh6 17. Qxh6 Bg7 18. Qh7+ Kf8 19. Ng5 f6 20. Nxe6+ Qxe6 21. Bf5 Qf7 22. Re1 Re8 23. Rb1 Rb8 24. Re1 Ne7 25. Be6 Qg6 26. Qh4 Qg5 27. Qh7 Re8 28. g3 c6 29. Kg2 Qg6 30. Qh4 Bh6 31. Bg4 Qg5 32. Qxg5 Bxg5 33. f4 Bh6 34. Bh5 Rc8 35. Kf3 c5 36. Re6 Bg7 37. Bg4 f5 38. Bh5 cxd4 39. cxd4 Rc3+ 40. Kg2 Rc2+ 41. Kh1 Bxd4 42. g4 Rxa2 43. Rd6 b5 44. Rd8+ Kg7 45. Rd7 Bc5 46. Rc7 Rc2 47. g5 b4 48. Bd1 Rc1 49. Kg2 Rxd1 50. Rxc5 b3 51. Rb5 Rd2+ 52. Kg3 b2 53. h4 a5 54. h5 a4 55. h6+ Kg6 56. Rb6+ Kh7 57. Rb7 Rd3+ 58. Kh4 Re3 59. Rxb2 Ng6+ 60. Kh5 Nxf4+ 61. Kh4 Rh3# 0-1


[Site "https://www.chess.com"]

[Event "Titled Tuesday Blitz August 02 Late 2022"]
[White "Rustemov, Alexander"]
[Black "Luo, Terry"]
[WhiteFideId "4119002"]
[BlackFideId "30931045"]
[WhiteElo "2753"]
[BlackElo "2024"]
[Result "1-0"]
[Round "08"]
[TimeControl "180+1"]
[Date "2022.08.02"]
[WhiteClock "0:00:30"]
[BlackClock "0:00:13"]

1. d4 Nf6 2. c4 g6 3. Nf3 Bg7 4. g3 O-O 5. Bg2 d6 6. Nc3 c5 7. O-O Nc6 8. dxc5 dxc5 9. Bf4 Be6 10. Ne5 Qa5 11. Nxc6 bxc6 12. Bxc6 Rad8 13. Qb3 Qb4 14. Bb5 Nd7 15. Qc2 Ne5 16. a3 Qa5 17. b3 Nxc4 18. Bxc4 Bxc4 19. bxc4 Qxc3 20. Qxc3 Bxc3 21. Rab1 e5 22. Bh6 Rfe8 23. Rb7 Bd2 24. e3 a5 25. Rfb1 Bc3 26. R1b3 Ba1 27. Rc7 e4 28. Rbb7 Rb8 29. Rxf7 Rxb7 30. Rxb7 Rd8 31. Rb5 a4 32. Ra5 Rd1+ 33. Kg2 Bb2 34. Rxa4 Ra1 35. Ra7 Rxa3 36. Re7 Bf6 37. Rxe4 g5 38. h4 gxh4 39. gxh4 Kf7 40. Bg5 Bg7 41. h5 h6 42. Bh4 Ra6 43. Re7+ Kf8 44. Rc7 Ra5 45. Be7+ Kf7 46. Bxc5+ 1-0


[Site "https://www.chess.com"]

[Event "Titled Tuesday Blitz August 02 Late 2022"]
[White "Salem, A.R. Saleh"]
[Black "Holt, Conrad"]
[WhiteFideId "9301348"]
[BlackFideId "2034387"]
[WhiteElo "2679"]
[BlackElo "2586"]
[Result "1/2-1/2"]
[Round "08"]
[TimeControl "180+1"]
[Date "2022.08.02"]
[WhiteClock "0:00:11"]
[BlackClock "0:00:07"]

1. d4 d5 2. c4 c6 3. Nc3 dxc4 4. e4 b5 5. Nf3 Nf6 6. Be2 e6 7. O-O Bb7 8. e5 Nd5 9. a4 Be7 10. Ne4 h6 11. Bd2 Nd7 12. b3 cxb3 13. Qxb3 a6 14. Ne1 Qb6 15. Nc2 O-O 16. Qg3 Kh8 17. Qh3 f5 18. Bxh6 Kg8 19. Qg3 Rf7 20. Bh5 Raf8 21. Nd6 f4 22. Bxf7+ Rxf7 23. Qg6 Bxd6 24. exd6 Nf8 25. Qg4 Qd8 26. Bg5 Qxd6 27. Rfe1 b4 28. Rac1 b3 29. h4 bxc2 30. Rxc2 Qb4 31. Rce2 Qxd4 32. h5 Qd3 33. Rxe6 Nxe6 34. Qxe6 Qf5 35. Qd6 Qd7 36. Qb8+ Rf8 37. Qe5 c5 38. h6 Rf5 39. Qb8+ Kh7 40. Re8 Rxg5 41. Rh8+ Kg6 42. hxg7 Rxg2+ 43. Kh1 Qxg7 44. Rg8 Kh7 45. Rxg7+ Rxg7 46. Kh2 c4 47. Qe5 c3 48. Qh5+ Kg8 49. Qe8+ Kh7 50. Qh5+ Kg8 51. Qe8+ Kh7 52. Qh5+ 1/2-1/2


[Site "https://www.chess.com"]

[Event "Titled Tuesday Blitz August 02 Late 2022"]
[White "Sarana, Alexey"]
[Black "Babazada, Khazar"]
[WhiteFideId "24133795"]
[BlackFideId "13413554"]
[WhiteElo "2666"]
[BlackElo "2409"]
[Result "1-0"]
[Round "08"]
[TimeControl "180+1"]
[Date "2022.08.02"]
[WhiteClock "0:00:13"]
[BlackClock "0:00:08"]

1. c4 Nf6 2. Nc3 g6 3. d4 d6 4. e4 Bg7 5. Be2 e5 6. dxe5 dxe5 7. Qxd8+ Kxd8 8. f4 Nc6 9. Nf3 exf4 10. Bxf4 Be6 11. O-O Kc8 12. Nd5 Ne8 13. e5 h6 14. Bg3 g5 15. h3 a5 16. a4 Bf8 17. Bf2 Rg8 18. Bd3 g4 19. hxg4 Rxg4 20. Rae1 Nb4 21. Be4 Rxe4 22. Rxe4 Nxd5 23. cxd5 Bxd5 24. Rg4 Ng7 25. Nd4 Ra6 26. Bh4 Bc5 27. Kh2 Rg6 28. Rxg6 fxg6 29. Ne2 Nf5 30. Bf2 Be7 31. g4 Nh4 32. Bxh4 Bxh4 33. Rf8+ Kd7 34. Nf4 Be4 35. Rf7+ Kc6 36. e6 Bg5 37. Kg3 h5 38. gxh5 gxh5 39. Nxh5 Kd6 40. Ng7 Bc6 41. Kg4 Bc1 42. e7 Bxb2 43. e8=Q 1-0


[Site "https://www.chess.com"]

[Event "Titled Tuesday Blitz August 02 Late 2022"]
[White "Sarkar, Justin"]
[Black "Pakleza, Zbigniew"]
[WhiteFideId "2010011"]
[BlackFideId "1119290"]
[WhiteElo "2006"]
[BlackElo "2467"]
[Result "0-1"]
[Round "08"]
[TimeControl "180+1"]
[Date "2022.08.02"]
[WhiteClock "0:00:01"]
[BlackClock "0:02:15"]

1. d4 d6 2. e4 Nf6 3. Nc3 c6 4. f4 Qb6 5. Nf3 Bg4 6. e5 Nd5 7. Nxd5 cxd5 8. c3 e6 9. Bd3 Nc6 10. h3 Bxf3 11. Qxf3 O-O-O 12. Qf2 g6 13. Be3 Kb8 14. O-O Rc8 15. a4 Na5 16. b4 Nc4 17. a5 Qd8 18. Bc1 Be7 19. Qf3 Qd7 20. Qe2 h5 21. g3 a6 22. Kg2 Ka8 23. Qf3 Qc7 24. Qe2 Rhg8 25. h4 Qc6 26. Kh2 Rce8 27. Qf2 f6 28. exf6 Bxf6 29. Qe2 e5 30. fxe5 dxe5 31. Bxc4 dxc4 32. d5 Qd6 33. Be3 g5 34. Qxc4 gxh4 35. gxh4 Rg4 0-1


[Site "https://www.chess.com"]

[Event "Titled Tuesday Blitz August 02 Late 2022"]
[White "Sjugirov, Sanan"]
[Black "Ghaem Maghami, Ehsan"]
[WhiteFideId "4189302"]
[BlackFideId "12500739"]
[WhiteElo "2609"]
[BlackElo "2627"]
[Result "1-0"]
[Round "08"]
[TimeControl "180+1"]
[Date "2022.08.02"]
[WhiteClock "0:00:39"]
[BlackClock "0:00:09"]

1. e4 c6 2. d4 d5 3. e5 Bf5 4. Nf3 e6 5. Be2 Nd7 6. O-O Rc8 7. Nbd2 Ne7 8. a4 c5 9. c4 a6 10. a5 Nc6 11. cxd5 exd5 12. dxc5 Nxc5 13. Nb3 Ne6 14. Nfd4 Ncxd4 15. Nxd4 Nxd4 16. Qxd4 Bc5 17. Qf4 Qd7 18. Qg3 Kf8 19. Rd1 h6 20. Be3 Be6 21. Bxc5+ Rxc5 22. Rac1 Rc7 23. Qe3 Kg8 24. Bd3 g6 25. Qf4 Kh7 26. h4 h5 27. Qg5 Kg7 28. Qf6+ Kh7 29. Rxc7 Qxc7 30. Bxg6+ fxg6 31. Qxe6 Rd8 32. Qf6 Rd7 33. e6 Rd6 34. Qe5 Qe7 35. Re1 d4 36. Qxd6 Qxd6 37. e7 1-0


[Site "https://www.chess.com"]

[Event "Titled Tuesday Blitz August 02 Late 2022"]
[White "Toncheva, Nadya"]
[Black "Boros, Denes"]
[WhiteFideId "2924056"]
[BlackFideId "722340"]
[WhiteElo "1888"]
[BlackElo "2464"]
[Result "0-1"]
[Round "08"]
[TimeControl "180+1"]
[Date "2022.08.02"]
[WhiteClock "0:00:05"]
[BlackClock "0:01:21"]

1. d4 g6 2. c4 Bg7 3. Nc3 Nc6 4. Nf3 d6 5. e4 Bg4 6. Be3 e5 7. d5 Nd4 8. Bxd4 exd4 9. Nb5 c6 10. Nbxd4 Bxf3 11. gxf3 Qb6 12. Nb3 Bxb2 13. Rb1 Bc3+ 14. Ke2 Nf6 15. Qc2 Be5 16. Nc1 Qc7 17. Nd3 O-O 18. Kd1 cxd5 19. cxd5 Qe7 20. f4 Bd4 21. f3 Rac8 22. Qa4 Nxe4 23. fxe4 Qxe4 24. Rg1 Rc3 25. Rg3 Rfc8 26. Bg2 Rxd3+ 27. Rxd3 Qxd3+ 28. Ke1 Qxb1+ 29. Ke2 Qc2+ 30. Qxc2 Rxc2+ 31. Kd3 Rxg2 0-1


[Site "https://www.chess.com"]

[Event "Titled Tuesday Blitz August 02 Late 2022"]
[White "Vivekananthan, Anish"]
[Black "Leenhouts, Koen"]
[WhiteFideId "2090775"]
[BlackFideId "1008439"]
[WhiteElo "2709"]
[BlackElo "2409"]
[Result "0-1"]
[Round "08"]
[TimeControl "180+1"]
[Date "2022.08.02"]
[WhiteClock "0:00:01"]
[BlackClock "0:00:15"]

1. e4 c5 2. Nf3 e6 3. d4 cxd4 4. Nxd4 Nc6 5. Nc3 Qc7 6. Be3 a6 7. Qf3 Ne5 8. Qg3 h5 9. f4 Nc4 10. Bxc4 Qxc4 11. O-O-O b5 12. Kb1 Bb7 13. e5 Ne7 14. f5 Nd5 15. Nxd5 Bxd5 16. b3 Qc7 17. h4 O-O-O 18. Bg5 f6 19. Bf4 fxe5 20. Bxe5 d6 21. Bf4 e5 22. Bg5 exd4 23. Rxd4 Bc6 24. Bxd8 Qxd8 25. Rhd1 Rh6 26. Qc3 Kb7 27. g3 Rf6 28. Qd3 Qd7 29. Rf1 Be7 30. g4 hxg4 31. Rxg4 Rf7 32. h5 Bf6 33. Rg6 Qe7 34. h6 gxh6 35. Rxh6 Qe5 36. Rxf6 Rxf6 37. a4 Be4 38. Qd2 Rxf5 39. Re1 Qd5 40. Qb4 Re5 41. Rc1 Qc5 0-1


[Site "https://www.chess.com"]

[Event "Titled Tuesday Blitz August 02 Late 2022"]
[White "Vrbljanac, Aleksandar"]
[Black "Jaferian, Koosha"]
[WhiteFideId "932817"]
[BlackFideId "12507440"]
[WhiteElo "2309"]
[BlackElo "2030"]
[Result "0-1"]
[Round "08"]
[TimeControl "180+1"]
[Date "2022.08.02"]
[WhiteClock "0:00:01"]
[BlackClock "0:00:04"]

1. e4 c6 2. Nf3 d5 3. Nc3 Bg4 4. h3 Bxf3 5. Qxf3 e6 6. d3 Nd7 7. Bd2 Bb4 8. a3 Ba5 9. g4 d4 10. Nb1 Ne7 11. Bxa5 Qxa5+ 12. b4 Qe5 13. Nd2 b5 14. Be2 Ng6 15. Qg3 Qf4 16. h4 e5 17. h5 Qxg3 18. fxg3 Ne7 19. g5 h6 20. gxh6 Rxh6 21. g4 f6 22. Nf3 O-O-O 23. O-O-O Rdh8 24. Rdg1 Nf8 25. g5 Rxh5 26. Rxh5 Rxh5 27. gxf6 gxf6 28. Nxd4 Rh2 29. Bg4+ Kc7 30. Nf3 Rh6 31. Rf1 Nfg6 32. d4 exd4 33. Nxd4 Ne5 34. Bf5 Kb6 35. Kb2 Nc4+ 36. Ka2 a5 37. Bd7 a4 38. Rf2 Ne5 39. Be6 Rg6 40. Kb2 Kc7 41. Ka2 Kb6 42. Kb2 c5 43. bxc5+ Kxc5 44. Ne2 N7c6 45. Nf4 Rh6 46. Nd5 Nc4+ 47. Ka2 Rg6 48. Rxf6 Rg3 49. c3 Rg2+ 50. Kb1 Nxa3+ 51. Kc1 Rc2+ 52. Kd1 Rh2 53. Bd7 Ne5 54. Be8 Nac4 55. Rf1 a3 56. Nf6 a2 0-1


[Site "https://www.chess.com"]

[Event "Titled Tuesday Blitz August 02 Late 2022"]
[White "Wagner, Dennis"]
[Black "Shapiro, David"]
[WhiteFideId "24650684"]
[BlackFideId "24133523"]
[WhiteElo "2355"]
[BlackElo "2300"]
[Result "1-0"]
[Round "08"]
[TimeControl "180+1"]
[Date "2022.08.02"]
[WhiteClock "0:00:11"]
[BlackClock "0:00:02"]

1. e4 c5 2. Nf3 d6 3. d4 cxd4 4. Nxd4 Nf6 5. Nc3 a6 6. f3 e5 7. Nb3 Be7 8. Be3 Be6 9. Qd2 O-O 10. O-O-O Nbd7 11. g4 b5 12. g5 b4 13. Ne2 Ne8 14. f4 a5 15. f5 a4 16. fxe6 axb3 17. cxb3 fxe6 18. Bh3 Rxa2 19. Bxe6+ Kh8 20. Ng3 Nc7 21. Bc4 Qa8 22. Rhf1 Rc8 23. Rf7 Re8 24. Rxe7 Rxe7 25. Qxd6 Ra1+ 26. Kc2 Rxd1 27. Kxd1 Qd8 28. Bb6 Qf8 29. Bxc7 Nc5 30. Ke2 Nb7 31. Qxb4 Nd8 32. Bd6 Nc6 33. Bxe7 Nd4+ 34. Ke1 Qa8 35. Kf2 Nc2 36. Qb6 Qe8 37. Qd8 Qxd8 38. Bxd8 1-0


[Site "https://www.chess.com"]

[Event "Titled Tuesday Blitz August 02 Late 2022"]
[White "Weisz, Bryan"]
[Black "Wieczorek, Oskar"]
[WhiteFideId "30934133"]
[BlackFideId "1133950"]
[WhiteElo "2243"]
[BlackElo "2330"]
[Result "0-1"]
[Round "08"]
[TimeControl "180+1"]
[Date "2022.08.02"]
[WhiteClock "0:00:14"]
[BlackClock "0:01:35"]

1. e4 c5 2. Nf3 e6 3. d4 cxd4 4. Nxd4 Nf6 5. Nc3 d6 6. g3 Nc6 7. Bg2 Bd7 8. O-O Be7 9. f4 O-O 10. Kh1 a6 11. Be3 Qc7 12. g4 Nxd4 13. Bxd4 e5 14. g5 exd4 15. gxf6 Bxf6 16. Nd5 Qd8 17. a4 Bc6 18. a5 Bxd5 19. exd5 Re8 20. Qd3 Re3 21. Qd2 Qe7 22. Rae1 Re8 23. Rxe3 dxe3 24. Qb4 e2 25. Re1 Bh4 26. Bf3 Bxe1 27. Qxe1 Qe3 28. Kg2 Qxf4 29. Bxe2 Qe4+ 30. Kf2 Qh4+ 31. Kf1 Qxh2 32. Qd2 Qh1+ 33. Kf2 Qh4+ 34. Kf1 Re5 35. Bf3 Rf5 36. Qe2 Qh3+ 37. Kf2 Qh2+ 38. Kf1 Qh3+ 39. Kf2 g6 40. Qe4 Re5 41. Qf4 Qf5 42. Qxf5 Rxf5 43. Kg3 Kf8 44. c4 Re5 45. Kf2 f5 46. b4 g5 47. c5 Ke7 48. c6 bxc6 49. dxc6 Rb5 50. c7 Kd7 51. Bc6+ Kxc7 52. Bxb5 axb5 0-1


[Site "https://www.chess.com"]

[Event "Titled Tuesday Blitz August 02 Late 2022"]
[White "Yanchenko, Roman"]
[Black "Kamsky, Gata"]
[WhiteFideId "4137329"]
[BlackFideId "2000024"]
[WhiteElo "2514"]
[BlackElo "2645"]
[Result "1/2-1/2"]
[Round "08"]
[TimeControl "180+1"]
[Date "2022.08.02"]
[WhiteClock "0:00:17"]
[BlackClock "0:00:37"]

1. d4 f5 2. Nf3 Nf6 3. c4 e6 4. Nc3 Bb4 5. Qc2 a5 6. Bg5 h6 7. Bxf6 Qxf6 8. e3 O-O 9. Bd3 d6 10. a3 Bxc3+ 11. Qxc3 Nd7 12. O-O e5 13. dxe5 dxe5 14. Bc2 e4 15. Qxf6 Rxf6 16. Nd4 Ne5 17. b4 Kf8 18. c5 axb4 19. axb4 Rfa6 20. Rxa6 Rxa6 21. f3 Nc4 22. Kf2 exf3 23. gxf3 g6 24. Re1 Bd7 25. Bd3 Ra2+ 26. Re2 Rxe2+ 27. Kxe2 Ne5 28. f4 Nxd3 29. Kxd3 Ke7 30. h4 Kf6 31. b5 g5 32. fxg5+ hxg5 33. hxg5+ Kxg5 34. Kc4 f4 35. exf4+ Kxf4 36. Kd5 Bxb5 37. Ne6+ Ke3 38. Nxc7 Bc6+ 39. Kd6 Kd4 40. Ne6+ Kc4 41. Nd8 Bg2 42. Nxb7 Bxb7 43. c6 Bxc6 1/2-1/2


[Site "https://www.chess.com"]

[Event "Titled Tuesday Blitz August 02 Late 2022"]
[White "Yoo, Christopher Woojin"]
[Black "Kravtsiv, Martyn"]
[WhiteFideId "30909694"]
[BlackFideId "14113147"]
[WhiteElo "2105"]
[BlackElo "2694"]
[Result "1-0"]
[Round "08"]
[TimeControl "180+1"]
[Date "2022.08.02"]
[WhiteClock "0:00:06"]
[BlackClock "0:00:07"]

1. d4 d5 2. c4 e6 3. Nc3 Bb4 4. Nf3 Nf6 5. Qb3 c5 6. dxc5 Na6 7. a3 Bxc3+ 8. Qxc3 Nxc5 9. cxd5 Nce4 10. Qc2 exd5 11. e3 O-O 12. Bd3 Bg4 13. Nd4 Rc8 14. Qb1 Nc5 15. Bc2 Qc7 16. O-O Ne6 17. Bd3 Bh5 18. Bf5 Nxd4 19. exd4 Bg6 20. h3 Rfe8 21. Be3 Qd6 22. Qd3 Bxf5 23. Qxf5 Qe6 24. Qd3 Rc6 25. Rac1 Rec8 26. Rxc6 Rxc6 27. Bf4 h6 28. Be5 Ne4 29. Re1 Qf5 30. f3 Nd6 31. Qxf5 Nxf5 32. g4 Nh4 33. Kf2 Rc2+ 34. Re2 Rxe2+ 35. Kxe2 a6 36. Ke3 Kf8 37. f4 f5 38. Kf2 Kf7 39. Kg3 g5 40. a4 Kg6 41. a5 Kf7 42. Bc7 Ke7 43. b4 Ke6 44. Bd8 Ng6 45. fxg5 hxg5 46. Bxg5 Nf8 47. h4 Nd7 48. h5 fxg4 49. Kxg4 Kf7 50. Kf5 Nb8 51. Ke5 Nc6+ 52. Kxd5 Nxb4+ 53. Kc5 Nc6 54. Bd2 Kf6 55. h6 Kg6 56. d5 Ne5 57. d6 Nd7+ 58. Kd5 Kf5 59. Bc3 Nf8 60. d7 Nxd7 61. h7 1-0


[Site "https://www.chess.com"]

[Event "Titled Tuesday Blitz August 02 Late 2022"]
[White "Zhigalko, Sergei"]
[Black "Bilych, Olexiy"]
[WhiteFideId "13502956"]
[BlackFideId "14156504"]
[WhiteElo "2662"]
[BlackElo "2189"]
[Result "0-1"]
[Round "08"]
[TimeControl "180+1"]
[Date "2022.08.02"]
[WhiteClock "0:00:39"]
[BlackClock "0:02:01"]

1. e4 e5 2. Nf3 Nc6 3. Bc4 Bc5 4. b4 Bxb4 5. c3 Ba5 6. d4 b5 7. Bxb5 Nxd4 8. Nxd4 exd4 9. Qxd4 Qf6 10. O-O Bb6 11. Qd3 Ne7 12. a4 O-O 13. a5 Bc5 14. Nd2 c6 15. Bc4 d5 16. exd5 Bf5 17. Qd4 Bxd4 0-1


[Site "https://www.chess.com"]

[Event "Titled Tuesday Blitz August 02 Late 2022"]
[White "Bilych, Olexiy"]
[Black "Rasulov, Vugar"]
[WhiteFideId "14156504"]
[BlackFideId "13402390"]
[WhiteElo "2189"]
[BlackElo "2523"]
[Result "0-1"]
[Round "09"]
[TimeControl "180+1"]
[Date "2022.08.02"]
[WhiteClock "0:00:09"]
[BlackClock "0:01:36"]

1. e4 e5 2. Nf3 Nc6 3. Bc4 Nf6 4. d3 Bc5 5. c3 a6 6. O-O O-O 7. h3 h6 8. a4 d6 9. Re1 Re8 10. Nbd2 Ba7 11. Nf1 Be6 12. Bxe6 Rxe6 13. Ng3 d5 14. b4 Ne7 15. Be3 Bxe3 16. Rxe3 Ng6 17. Qc2 Qd7 18. Ree1 Rd8 19. Rad1 Nf4 20. exd5 Qxd5 21. c4 Qd6 22. Nf5 Qxb4 23. Nxe5 Rde8 24. d4 c5 25. Rb1 Qa5 26. g3 Nxh3+ 27. Kg2 cxd4 28. Rxb7 Rxe5 29. Rxe5 Qxe5 30. Kxh3 Ne4 31. Nh4 d3 32. Qa2 d2 33. Rc7 Qxc7 0-1


[Site "https://www.chess.com"]

[Event "Titled Tuesday Blitz August 02 Late 2022"]
[White "Domingo Nunez, Ruben"]
[Black "Drygalov, Sergey"]
[WhiteFideId "22245570"]
[BlackFideId "24171743"]
[WhiteElo "2373"]
[BlackElo "2523"]
[Result "1-0"]
[Round "09"]
[TimeControl "180+1"]
[Date "2022.08.02"]
[WhiteClock "0:01:10"]
[BlackClock "0:01:49"]

1. c4 e5 2. Nc3 Nf6 3. Nf3 Nc6 4. e3 Bb4 5. Be2 O-O 6. O-O e4 7. Nd4 Nxd4 8. exd4 c6 9. a3 Bxc3 10. bxc3 d5 11. c5 Bf5 12. d3 Re8 13. Bg5 h6 14. Bh4 b6 15. dxe4 Rxe4 16. Bg3 bxc5 17. Bd3 c4 18. Bxe4 Nxe4 19. Rc1 Qa5 20. f3 Nxg3 21. hxg3 Qxa3 22. Qd2 Rb8 23. Ra1 Qd6 24. Qf4 Qxf4 25. gxf4 Rb7 26. Ra6 Bd7 27. Rfa1 Rb2 28. Rxa7 Bf5 29. Rc7 Rc2 30. Ra8+ Kh7 31. Rxf7 Bg6 32. Rff8 Bd3 33. f5 1-0


[Site "https://www.chess.com"]

[Event "Titled Tuesday Blitz August 02 Late 2022"]
[White "Espinosa Veloz, Ermes"]
[Black "Zhigalko, Sergei"]
[WhiteFideId "3507424"]
[BlackFideId "13502956"]
[WhiteElo "2333"]
[BlackElo "2662"]
[Result "1-0"]
[Round "09"]
[TimeControl "180+1"]
[Date "2022.08.02"]
[WhiteClock "0:00:14"]
[BlackClock "0:00:03"]

1. d4 Nf6 2. c4 e6 3. g3 c5 4. Nf3 cxd4 5. Nxd4 Qc7 6. Qd3 d5 7. Nb5 Qc6 8. Bg2 a6 9. Nd4 Qc7 10. Nd2 e5 11. N4b3 e4 12. Qc3 Nc6 13. cxd5 Nxd5 14. Qc4 Be6 15. Qxe4 Be7 16. O-O O-O 17. Nf3 Ncb4 18. Ng5 Bxg5 19. Bxg5 Rfe8 20. Qh4 h6 21. Bd2 Nc6 22. Nc5 Rad8 23. Nxe6 Rxe6 24. e4 Nf6 25. Bc3 Nd4 26. Kh1 Qc4 27. Rad1 Nc6 28. Rxd8+ Nxd8 29. e5 Qxh4 30. gxh4 Ng4 31. f4 Ne3 32. Re1 Nxg2 33. Kxg2 Rc6 34. f5 Rc4 35. Kg3 Nc6 36. Rd1 Ne7 37. f6 Nf5+ 38. Kf2 Rxh4 39. Rd8+ Kh7 40. e6 fxe6 41. f7 Rf4+ 42. Ke1 Ne3 43. f8=Q Rxf8 44. Rxf8 Nd5 45. Rf7 1-0


[Site "https://www.chess.com"]

[Event "Titled Tuesday Blitz August 02 Late 2022"]
[White "Fedoseev, Vladimir"]
[Black "Nakamura, Hikaru"]
[WhiteFideId "24130737"]
[BlackFideId "2016192"]
[WhiteElo "2726"]
[BlackElo "2850"]
[Result "1-0"]
[Round "09"]
[TimeControl "180+1"]
[Date "2022.08.02"]
[WhiteClock "0:00:13"]
[BlackClock "0:00:09"]

1. e4 e5 2. Nf3 Nc6 3. Bb5 Nf6 4. d3 Bc5 5. Bxc6 dxc6 6. Nbd2 Be6 7. O-O Bd6 8. Nb3 a5 9. Qe1 a4 10. Na5 Qc8 11. Ng5 Bg4 12. h3 Bd7 13. f4 exf4 14. Bxf4 O-O 15. Bxd6 cxd6 16. Nc4 Qc7 17. Qh4 h6 18. Rxf6 gxf6 19. Qxh6 fxg5 20. Qxg5+ Kh8 21. Rf1 f5 22. Qh6+ Kg8 23. Qg6+ Kh8 24. Rf4 Qd8 25. Qh6+ Kg8 26. Rh4 Qe7 27. Rh5 Rf6 28. Qh8+ Kf7 29. Qxa8 Rg6 30. Qh8 Qf8 31. Rh7+ Rg7 32. Qxf8+ 1-0


[Site "https://www.chess.com"]

[Event "Titled Tuesday Blitz August 02 Late 2022"]
[White "Ghaem Maghami, Ehsan"]
[Black "Wagner, Dennis"]
[WhiteFideId "12500739"]
[BlackFideId "24650684"]
[WhiteElo "2627"]
[BlackElo "2355"]
[Result "1/2-1/2"]
[Round "09"]
[TimeControl "180+1"]
[Date "2022.08.02"]
[WhiteClock "0:00:35"]
[BlackClock "0:00:52"]

1. c4 Nf6 2. Nf3 c5 3. Nc3 e6 4. g3 d5 5. cxd5 exd5 6. d4 Nc6 7. Bg2 cxd4 8. Nxd4 Bc5 9. Nb3 Bb6 10. O-O d4 11. Na4 O-O 12. Bg5 Re8 13. Nxb6 axb6 14. Re1 h6 15. Bxc6 bxc6 16. Bxf6 Qxf6 17. Qxd4 Qd8 18. Qxd8 Rxd8 19. Red1 Rxd1+ 20. Rxd1 Be6 21. Nd4 Rxa2 22. Nxe6 fxe6 23. Rd6 Rxb2 24. Rxc6 Rxe2 25. Rxb6 Kf7 26. Kg2 g5 27. Kf3 Ra2 28. Rb4 h5 29. h4 g4+ 30. Ke3 Ra3+ 31. Ke2 Ra2+ 32. Kf1 Kf6 33. Rb5 e5 34. Rb6+ Kg7 35. Re6 Ra5 36. Ke2 Ra2+ 37. Ke3 Ra3+ 38. Ke4 Rf3 39. Rxe5 Kg6 40. Rg5+ Kh6 41. Rf5 Ra3 42. f3 Ra4+ 43. Ke3 Ra3+ 44. Ke4 Ra4+ 45. Ke3 Ra3+ 46. Ke2 Ra2+ 47. Ke1 Ra1+ 48. Kd2 Ra2+ 49. Ke1 Ra1+ 50. Kf2 Ra2+ 51. Ke3 Ra3+ 1/2-1/2


[Site "https://www.chess.com"]

[Event "Titled Tuesday Blitz August 02 Late 2022"]
[White "Hakobyan, Aram"]
[Black "Babazada, Khazar"]
[WhiteFideId "13306677"]
[BlackFideId "13413554"]
[WhiteElo "2557"]
[BlackElo "2409"]
[Result "0-1"]
[Round "09"]
[TimeControl "180+1"]
[Date "2022.08.02"]
[WhiteClock "0:00:04"]
[BlackClock "0:00:34"]

1. e4 g6 2. d4 Bg7 3. Nf3 d6 4. Be3 Nf6 5. Nc3 O-O 6. Qd2 a6 7. Bh6 e5 8. Bxg7 Kxg7 9. O-O-O Qe7 10. h3 b5 11. dxe5 dxe5 12. Nd5 Qe6 13. Ng5 Qd6 14. Qc3 Nxd5 15. Rxd5 Qf6 16. Nf3 Bb7 17. Rxe5 Nd7 18. Re7 Qxc3 19. bxc3 Rad8 20. Ne5 Nf6 21. Rxc7 Bxe4 22. f3 Bf5 23. Bd3 Be6 24. c4 bxc4 25. Bxc4 Bxc4 26. Nxc4 Nd5 27. Rc5 Nc3 28. a3 Rb8 29. Kd2 Nb5 30. Re1 Nd4 31. Rd5 Ne6 32. Ne3 Rb2 33. g3 Rc8 34. f4 Nc5 35. Nc4 Rb5 36. Nd6 Nb3+ 37. Ke2 Rxc2+ 38. Kd3 Rxd5+ 39. Kxc2 Nd4+ 40. Kc3 Rxd6 41. Kc4 Nf5 42. Kc5 Rd3 43. g4 Nd4 44. Kc4 Rd2 45. Kc3 Re2 46. Rd1 Ne6 47. Kb4 Nxf4 48. Ka5 Re6 49. a4 Nxh3 0-1


[Site "https://www.chess.com"]

[Event "Titled Tuesday Blitz August 02 Late 2022"]
[White "Harshavardhan G B"]
[Black "Leve, Nitai"]
[WhiteFideId "25059009"]
[BlackFideId "2006898"]
[WhiteElo "1831"]
[BlackElo "2144"]
[Result "1-0"]
[Round "09"]
[TimeControl "180+1"]
[Date "2022.08.02"]
[WhiteClock "0:01:15"]
[BlackClock "0:00:28"]

1. d4 d5 2. c4 c6 3. Nf3 Nf6 4. Nc3 dxc4 5. a4 Bf5 6. Ne5 Nbd7 7. Nxc4 Qc7 8. g3 e5 9. dxe5 Nxe5 10. Bf4 Nfd7 11. Bg2 f6 12. Ne3 Be6 13. h4 O-O-O 14. Qc2 Be7 15. a5 a6 16. O-O g5 17. Bxe5 Qxe5 18. h5 f5 19. Na4 f4 20. Nc4 Qf6 21. Rad1 Ne5 22. Nxe5 Qxe5 23. Bxc6 Kb8 24. Qe4 bxc6 25. Qxe5+ 1-0


[Site "https://www.chess.com"]